[Event "Titled Tuesday Blitz May 30 Early 2023"]
[White "salgadoLO"]
[Black "Sharapov, Evgeny"]
[BlackFideId "14103133"]
[WhiteElo "2192"]
[BlackElo "2367"]
[Result "0-1"]
[Round "01"]
[TimeControl "180+2"]
[Date "2023.05.30"]
[WhiteClock "0:00:01"]
[BlackClock "0:00:14"]

1. d4 Nf6 2. Bg5 c5 3. Nc3 cxd4 4. Qxd4 Nc6 5. Qh4 e6 6. e4 Be7 7. O-O-O O-O 8. f4 h6 9. Nf3 d5 10. exd5 Nxd5 11. Nxd5 exd5 12. Bxe7 Nxe7 13. Bd3 Bf5 14. Rhe1 Bxd3 15. Rxd3 Ng6 16. Qxd8 Raxd8 17. g3 Rd7 18. Red1 Rfd8 19. Kb1 f6 20. c4 Ne7 21. cxd5 Rxd5 22. Rxd5 Rxd5 23. Rxd5 Nxd5 24. Kc2 Kf7 25. a3 Ke6 26. Kd3 Kd6 27. Nd4 Ne7 28. Nb5+ Kc5 29. Nd4 Kd5 30. b4 a6 31. Nb3 b6 32. Nd4 g6 33. Nf3 g5 34. fxg5 fxg5 35. h4 g4 36. Nh2 h5 37. Nf1 Ke5 38. Ne3 b5 39. Nd1 Nf5 40. Nc3 Nxg3 41. a4 bxa4 42. Nxa4 Nf5 43. Nc5 Nxh4 44. Nxa6 Nf5 45. Ke2 h4 46. b5 h3 47. Kf2 g3+ 48. Kg1 Nd4 49. b6 Nf3+ 50. Kf1 g2+ 51. Kf2 g1=Q+ 0-1


[Site "https://www.chess.com"]

[Event "Titled Tuesday Blitz May 30 Early 2023"]
[White "ArrestingPieces"]
[Black "Dilmukhametov, Artur"]
[BlackFideId "24179922"]
[WhiteElo "2556"]
[BlackElo "2242"]
[Result "1-0"]
[Round "01"]
[TimeControl "180+2"]
[Date "2023.05.30"]
[WhiteClock "0:00:10"]
[BlackClock "0:00:04"]

1. d4 Nf6 2. Nf3 g6 3. Nc3 d5 4. Bf4 Bg7 5. Nb5 Na6 6. e3 c6 7. Nc3 Nc7 8. h3 O-O 9. Bd3 Ne6 10. Bh2 c5 11. O-O c4 12. Be2 Bd7 13. a4 a6 14. a5 b5 15. axb6 Qxb6 16. Ra2 Bb5 17. Ne5 Qb7 18. f4 Rfc8 19. f5 gxf5 20. Bh5 Nxh5 21. Qxh5 Nd8 22. Qxf5 e6 23. Qh5 Be8 24. Qg5 f6 25. Rxf6 Qe7 26. Ng4 Nf7 27. Qh4 h5 28. Qxh5 Bxf6 29. Qg6+ Bg7 30. Ra1 Nd6 31. Nh6+ Kh8 32. Qg4 Bxh6 33. Be5+ Bg7 34. Rf1 Bf7 35. Qg3 Bxe5 36. Qxe5+ Kg8 37. Rf4 Nf5 38. Rg4+ Bg6 39. Rxg6+ Kf7 40. Nxd5 exd5 41. Qxf5+ Ke8 42. Rg8+ Qf8 43. Rxf8+ Ke7 44. Rf7+ Kd6 45. Qf6# 1-0


[Site "https://www.chess.com"]

[Event "Titled Tuesday Blitz May 30 Early 2023"]
[White "Ciuffoletti, Paolo"]
[Black "Poltorak, Sebastian"]
[WhiteFideId "807630"]
[BlackFideId "1199498"]
[WhiteElo "2143"]
[BlackElo "2195"]
[Result "0-1"]
[Round "01"]
[TimeControl "180+2"]
[Date "2023.05.30"]
[WhiteClock "0:00:00"]
[BlackClock "0:00:06"]

1. e4 Nc6 2. d4 d5 3. Nc3 dxe4 4. d5 Ne5 5. Qd4 Ng6 6. Nxe4 Nf6 7. Nxf6+ exf6 8. Nf3 Bd6 9. Bb5+ Bd7 10. Bxd7+ Qxd7 11. O-O O-O 12. h4 Ne5 13. Nxe5 fxe5 14. Qd3 Qg4 15. Qg3 Qxg3 16. fxg3 Rad8 17. Be3 b6 18. Rad1 f6 19. c4 Kf7 20. Rd2 Kg6 21. Rc1 h5 22. c5 bxc5 23. Bxc5 Rf7 24. b4 Kf5 25. a4 g5 26. Rf2+ Kg6 27. hxg5 Kxg5 28. Bxd6 Rxd6 29. Rc5 Rfd7 30. Rfc2 Rxd5 31. Rxc7 Rxc7 32. Rxc7 Rd4 33. Rxa7 Rxb4 34. Ra8 Rb2 35. a5 Kf5 36. a6 Ra2 37. a7 Ke4 38. Rf8 Rxa7 39. Rxf6 Rh7 40. Kf2 Kd4 41. Rd6+ Ke4 42. Rf6 Rh8 43. Rf7 Kd5 44. Rf6 Rh7 45. Rf5 Ke6 46. Rf8 Rf7+ 47. Rxf7 Kxf7 48. Kf3 Kf6 49. g4 h4 50. Ke4 Kg5 51. Kxe5 Kxg4 52. Ke4 Kg3 53. Ke3 Kxg2 0-1


[Site "https://www.chess.com"]

[Event "Titled Tuesday Blitz May 30 Early 2023"]
[White "Garv Gaur"]
[Black "Kiseljova, Marya"]
[WhiteFideId "45030839"]
[BlackFideId "4155009"]
[WhiteElo "2068"]
[BlackElo "1831"]
[Result "1-0"]
[Round "01"]
[TimeControl "180+2"]
[Date "2023.05.30"]
[WhiteClock "0:01:23"]
[BlackClock "0:00:17"]

1. Nf3 d5 2. e3 Nf6 3. b3 Bg4 4. Bb2 e6 5. Be2 Nbd7 6. d3 Bb4+ 7. Nbd2 O-O 8. O-O c6 9. a3 c5 10. axb4 cxb4 11. Ne5 Bxe2 12. Qxe2 Qc7 13. Nxd7 Nxd7 14. Qg4 e5 15. Qxb4 Qxc2 16. Qc3 Rac8 17. Rfc1 Rxc3 18. Bxc3 Qxc1+ 19. Rxc1 Rc8 20. Bb2 Rxc1+ 21. Bxc1 f6 22. Bb2 Kf7 23. d4 Ke6 24. e4 dxe4 25. Nxe4 exd4 26. Kf1 Kd5 27. f3 f5 28. Nd2 Nc5 29. Ke2 b5 30. Ba3 Ne6 31. g3 g5 32. Kd3 h5 33. b4 Nd8 34. f4 g4 35. Nb3 Nf7 36. Nxd4 Nd6 37. Bc1 a6 38. Bd2 Ne4 39. Nxf5 Nxd2 40. Kxd2 Kc4 41. Ne3+ Kxb4 42. f5 a5 43. f6 a4 44. f7 a3 45. f8=Q+ Kb3 46. Nc2 b4 47. Qxb4+ Ka2 48. Qxa3+ Kb1 49. Qa1# 1-0


[Site "https://www.chess.com"]

[Event "Titled Tuesday Blitz May 30 Early 2023"]
[White "Zainullina, Nataliya"]
[Black "Gheorghiu, Calin"]
[WhiteFideId "4145488"]
[BlackFideId "1200305"]
[WhiteElo "2179"]
[BlackElo "2223"]
[Result "0-1"]
[Round "01"]
[TimeControl "180+2"]
[Date "2023.05.30"]
[WhiteClock "0:00:10"]
[BlackClock "0:00:13"]

1. Nf3 d5 2. d4 Nf6 3. c4 e6 4. g3 Bb4+ 5. Bd2 Be7 6. Nc3 O-O 7. Bg2 c6 8. O-O dxc4 9. Ne5 Qxd4 10. Nf3 Qd8 11. a4 Nbd7 12. Qc2 Qc7 13. Rad1 Rb8 14. Nd4 a6 15. h3 c5 16. Nf3 b5 17. axb5 axb5 18. Bf4 e5 19. Rxd7 Nxd7 20. Nd5 Qd6 21. Ng5 Bxg5 22. Bxg5 f6 23. Be3 Nb6 24. Rd1 Rd8 25. Nc3 Qe7 26. Rxd8+ Qxd8 27. Nxb5 Bb7 28. Bxb7 Rxb7 29. Bxc5 Qd5 30. Bxb6 Qxb5 31. Be3 Qd5 32. Bc1 Rd7 33. Kh2 g6 34. Be3 Kg7 35. Qa4 Rb7 36. Qa3 Rb3 37. Qa7+ Kg8 38. Qe7 Qf7 39. Qd8+ Kg7 40. Qd2 h5 41. Bc5 Rb7 42. Ba3 Rd7 43. Qe3 Qd5 44. Qb6 Qd4 45. Qxd4 exd4 46. Kg2 c3 47. bxc3 dxc3 48. Kf3 c2 49. Bc1 Rd1 50. Bb2 c1=Q 51. Bxc1 Rxc1 52. e3 Rc6 53. Kf4 Kf7 54. e4 Rc4 55. g4 hxg4 56. hxg4 Ke6 57. f3 g5+ 58. Ke3 Ke5 59. Ke2 Ra4 60. Ke3 Ra3+ 61. Kd2 Kf4 0-1


[Site "https://www.chess.com"]

[Event "Titled Tuesday Blitz May 30 Early 2023"]
[White "Golubev, Mikhail"]
[Black "KSho99"]
[WhiteFideId "14100983"]
[WhiteElo "2374"]
[BlackElo "2178"]
[Result "1-0"]
[Round "01"]
[TimeControl "180+2"]
[Date "2023.05.30"]
[WhiteClock "0:00:37"]
[BlackClock "0:00:14"]

1. e4 c6 2. Nf3 d5 3. Nc3 dxe4 4. Nxe4 Nf6 5. Qe2 Nxe4 6. Qxe4 Qa5 7. Bc4 Bf5 8. Qf4 e6 9. O-O Nd7 10. Re1 Be7 11. Bb3 O-O 12. d4 Bg6 13. Bd2 Qf5 14. Qc7 Rad8 15. Qxb7 Bh5 16. Qxc6 Nf6 17. Re5 Bxf3 18. Qxf3 Qxf3 19. gxf3 Rxd4 20. Be3 Rd7 21. Ra5 Ra8 22. c4 Bb4 23. Ra6 Bd2 24. Ba4 Rdd8 25. Rd1 Bxe3 26. Rxd8+ Rxd8 27. fxe3 Rd2 28. Rxa7 g5 29. Rb7 1-0


[Site "https://www.chess.com"]

[Event "Titled Tuesday Blitz May 30 Early 2023"]
[White "Brown, Raehanna"]
[Black "Mortazavi, Ali"]
[WhiteFideId "7402740"]
[BlackFideId "401323"]
[WhiteElo "1655"]
[BlackElo "2339"]
[Result "0-1"]
[Round "01"]
[TimeControl "180+2"]
[Date "2023.05.30"]
[WhiteClock "0:00:03"]
[BlackClock "0:00:07"]

1. c4 Nf6 2. Nc3 g6 3. e4 d6 4. d4 Bg7 5. Be2 O-O 6. Nf3 Bg4 7. O-O Nbd7 8. h3 Bxf3 9. Bxf3 e5 10. d5 a5 11. Be3 Ne8 12. Be2 f5 13. f3 Nef6 14. a3 Nh5 15. Kh2 Nf4 16. b4 Qg5 17. g3 axb4 18. axb4 Rxa1 19. Qxa1 Qh5 20. gxf4 exf4 21. Bxf4 g5 22. Bd2 Be5+ 23. Kg2 Qg6 24. Rg1 fxe4 25. fxe4 Nf6 26. Bf3 Nh5 27. Qe1 h6 28. Qe2 Nf4+ 29. Bxf4 Rxf4 30. Nd1 Qf6 31. Rf1 g4 32. hxg4 Qh4 33. Rh1 Qg5 34. Rh3 Rf8 35. Kh1 Ra8 36. Rh5 Qf4 37. Qh2 Qxf3+ 38. Qg2 Qxd1+ 39. Qg1 Qf3+ 40. Qg2 Ra1# 0-1


[Site "https://www.chess.com"]

[Event "Titled Tuesday Blitz May 30 Early 2023"]
[White "Bodnaruk, Anastasia"]
[Black "Tarnowska, Aleksandra"]
[WhiteFideId "4181751"]
[BlackFideId "1180967"]
[WhiteElo "2304"]
[BlackElo "1776"]
[Result "1-0"]
[Round "01"]
[TimeControl "180+2"]
[Date "2023.05.30"]
[WhiteClock "0:00:03"]
[BlackClock "0:00:03"]

1. e4 c5 2. Nc3 Nc6 3. Bb5 Nd4 4. Bc4 e6 5. Nge2 Nxe2 6. Qxe2 d6 7. d3 Nf6 8. Be3 Be7 9. d4 cxd4 10. Bxd4 O-O 11. O-O a6 12. a4 Bd7 13. Rad1 Qc7 14. e5 dxe5 15. Bxe5 Qc8 16. Ne4 Nxe4 17. Qxe4 Rd8 18. Qg4 Bf8 19. Rd3 b5 20. axb5 Bxb5 21. Bxb5 axb5 22. Rg3 g6 23. Qf4 Bg7 24. Bxg7 Kxg7 25. Rh3 h5 26. Rf3 Rd7 27. c3 Ra4 28. Qe5+ Kg8 29. Qxb5 Re4 30. h3 Qd8 31. Qc6 Re5 32. Qc4 Red5 33. Kh2 Rd2 34. g3 Rxb2 35. Qf4 Rbb7 36. c4 Rbc7 37. Rc1 Rd4 38. Qe5 Rd2 39. Kg2 Rcd7 40. Rb1 Kh7 41. Rb8 Re2 42. Rxd8 Rxe5 43. Rxd7 Rc5 44. Rdxf7+ Kh6 45. Re7 Rxc4 46. Rff7 Kg5 47. h4+ Kg4 48. f3# 1-0


[Site "https://www.chess.com"]

[Event "Titled Tuesday Blitz May 30 Early 2023"]
[White "Antonova, Nadezhda"]
[Black "Degenbaev, Aziz"]
[WhiteFideId "14700182"]
[BlackFideId "13802640"]
[WhiteElo "1799"]
[BlackElo "2152"]
[Result "0-1"]
[Round "01"]
[TimeControl "180+2"]
[Date "2023.05.30"]
[WhiteClock "0:00:00"]
[BlackClock "0:00:07"]

1. Nf3 Nf6 2. b3 g6 3. Bb2 Bg7 4. g3 c5 5. Bg2 d6 6. O-O e5 7. c4 O-O 8. d3 Nc6 9. Nc3 h6 10. e3 Be6 11. a3 Qd7 12. Re1 Bh3 13. Bh1 Rfe8 14. Nd2 a6 15. Nd5 Nxd5 16. cxd5 Ne7 17. Nc4 Nc8 18. a4 Rb8 19. a5 Na7 20. Qd2 Nb5 21. Nb6 Qd8 22. Bg2 Bxg2 23. Kxg2 h5 24. Rf1 h4 25. Rae1 Qg5 26. Nc4 Qh5 27. Qe2 h3+ 28. Kg1 Qf5 29. f4 exf4 30. Rxf4 Qxd5 31. Bxg7 Kxg7 32. Qd2 Re7 33. Ref1 Rbe8 34. Qb2+ Kg8 35. Qd2 Nd4 36. Qb2 Rxe3 37. Nxe3 Rxe3 38. R4f2 Nf3+ 39. Kh1 Nd2+ 40. Kg1 Nxf1 0-1


[Site "https://www.chess.com"]

[Event "Titled Tuesday Blitz May 30 Early 2023"]
[White "Kubicka, Anna"]
[Black "Cramling Bellon, Anna"]
[WhiteFideId "1152254"]
[BlackFideId "32009232"]
[WhiteElo "2144"]
[BlackElo "1976"]
[Result "0-1"]
[Round "01"]
[TimeControl "180+2"]
[Date "2023.05.30"]
[WhiteClock "0:00:14"]
[BlackClock "0:01:48"]

1. e4 c5 2. Ne2 e6 3. g3 Nc6 4. Bg2 d5 5. O-O Nf6 6. exd5 exd5 7. d4 Be6 8. Nbc3 Be7 9. Be3 cxd4 10. Nxd4 O-O 11. Re1 Rc8 12. a3 Bg4 13. Qd2 Ne5 14. b3 Bc5 15. Nce2 Ne4 16. Bxe4 dxe4 17. Rec1 Bxe2 18. Qxe2 Bxd4 19. Bxd4 Qxd4 20. Rd1 Qc3 21. Qxe4 Rfe8 22. Qg4 0-1


[Site "https://www.chess.com"]

[Event "Titled Tuesday Blitz May 30 Early 2023"]
[White "zano2023"]
[Black "Belov, Alexei"]
[BlackFideId "4128206"]
[WhiteElo "2157"]
[BlackElo "2545"]
[Result "0-1"]
[Round "01"]
[TimeControl "180+2"]
[Date "2023.05.30"]
[WhiteClock "0:00:09"]
[BlackClock "0:00:36"]

1. c4 e6 2. Nc3 d5 3. d4 Be7 4. Nf3 Nf6 5. g3 O-O 6. Bg2 dxc4 7. Qa4 a6 8. Qxc4 b5 9. Qd3 Bb7 10. a3 Nbd7 11. O-O c5 12. dxc5 Nxc5 13. Qxd8 Rfxd8 14. Be3 Nb3 15. Rad1 Nd5 16. Nxd5 Bxd5 17. Bb6 Rd6 18. Bc7 Rc6 19. e4 Bxe4 20. Rd7 Bf6 21. Be5 Rac8 22. Rfd1 Rc1 23. Bxf6 gxf6 24. Nh4 f5 25. Bxe4 fxe4 26. Kg2 Rxd1 27. Rxd1 Rc2 28. Rd6 e3 29. Rxa6 Rxf2+ 30. Kg1 Nd2 31. Rb6 Rf1+ 32. Kg2 e2 33. Rxb5 e1=Q 0-1


[Site "https://www.chess.com"]

[Event "Titled Tuesday Blitz May 30 Early 2023"]
[White "Berezin, Viktor"]
[Black "Lakshmi C"]
[WhiteFideId "14107872"]
[BlackFideId "25035347"]
[WhiteElo "2310"]
[BlackElo "1942"]
[Result "1-0"]
[Round "01"]
[TimeControl "180+2"]
[Date "2023.05.30"]
[WhiteClock "0:01:10"]
[BlackClock "0:00:00"]

1. d4 Nf6 2. Nf3 e6 3. g3 b6 4. Bg2 Bb7 5. O-O Be7 6. c4 O-O 7. Nc3 Ne4 8. Qc2 Nxc3 9. Qxc3 f5 10. Rd1 Bf6 11. Be3 d6 12. b4 Nd7 13. Rac1 Qe7 14. Qb3 a5 15. a3 axb4 16. axb4 Bc6 17. b5 Be4 18. Ne1 Bxg2 19. Nxg2 Kh8 20. c5 d5 21. c6 Ra3 22. Qb2 Nb8 23. Nf4 g5 24. Nd3 Ra5 25. Ra1 Rxa1 26. Rxa1 Bg7 27. Ra7 Bh6 28. Qb4 Qg7 29. f4 Re8 30. fxg5 Bxg5 31. Bf4 Bxf4 32. Nxf4 1-0


[Site "https://www.chess.com"]

[Event "Titled Tuesday Blitz May 30 Early 2023"]
[White "Kriti Mayur Patel"]
[Black "hakanazeri2"]
[WhiteFideId "35061780"]
[WhiteElo "1306"]
[BlackElo "2542"]
[Result "0-1"]
[Round "01"]
[TimeControl "180+2"]
[Date "2023.05.30"]
[WhiteClock "0:01:22"]
[BlackClock "0:01:11"]

1. e4 c5 2. d4 cxd4 3. c3 Nf6 4. e5 Nd5 5. Bc4 Nb6 6. Bb3 d5 7. exd6 Qxd6 8. Nf3 Nc6 9. O-O dxc3 10. Nxc3 Qxd1 11. Rxd1 Bg4 12. Nb5 Rc8 13. Bf4 Bxf3 14. gxf3 e5 15. Be3 Be7 16. Nxa7 Nxa7 17. Bxb6 Nc6 18. Bd5 O-O 19. Rac1 g6 20. Bxc6 Rxc6 21. Be3 Rxc1 22. Rxc1 Bd6 23. Bh6 Ra8 24. a3 f6 25. Rd1 Ra6 26. Rd3 Kf7 27. Kg2 g5 28. Kh3 Kg6 29. Rxd6 Rxd6 30. Bf8 Rd2 31. Bc5 Rxb2 32. Kg3 Rc2 33. Bb4 h5 34. h3 Kf5 35. Kg2 h4 36. Kg1 b5 37. Kg2 Rb2 38. Kf1 Rxb4 39. a4 bxa4 0-1


[Site "https://www.chess.com"]

[Event "Titled Tuesday Blitz May 30 Early 2023"]
[White "Shvedova, Alexandra"]
[Black "dDobravcan"]
[WhiteFideId "54154782"]
[WhiteElo "1973"]
[BlackElo "2117"]
[Result "1-0"]
[Round "01"]
[TimeControl "180+2"]
[Date "2023.05.30"]
[WhiteClock "0:01:04"]
[BlackClock "0:00:00"]

1. e4 c5 2. Ne2 a6 3. d4 cxd4 4. Nxd4 e6 5. c4 Nf6 6. Nc3 d6 7. Be3 b6 8. f3 Bb7 9. Be2 Be7 10. Qd2 Nbd7 11. O-O Qc7 12. Rfc1 Rc8 13. Rab1 O-O 14. b4 Qb8 15. Nd1 d5 16. exd5 exd5 17. Nf5 Bd8 18. c5 Bc7 19. c6 Bxh2+ 20. Kh1 Bxc6 21. Ne7+ Kh8 22. Nxc6 Qd6 23. Nd4 Nh5 24. Nf5 Qe5 25. Bd3 Rfe8 26. Bd4 Qb8 27. Rxc8 Rxc8 28. Qg5 1-0


[Site "https://www.chess.com"]

[Event "Titled Tuesday Blitz May 30 Early 2023"]
[White "Horokoskii"]
[Black "Zochowski, Kacper"]
[BlackFideId "1125494"]
[WhiteElo "2114"]
[BlackElo "2235"]
[Result "0-1"]
[Round "01"]
[TimeControl "180+2"]
[Date "2023.05.30"]
[WhiteClock "0:01:10"]
[BlackClock "0:00:54"]

1. d4 e6 2. c4 f5 3. g3 Nf6 4. Bg2 c6 5. Nc3 d5 6. Nh3 Bd6 7. Bf4 O-O 8. O-O b6 9. b3 Bb7 10. Rc1 Qe7 11. Bxd6 Qxd6 12. Nf4 Nbd7 13. Rc2 a5 14. Nd3 Ne4 15. Qa1 Rad8 16. Rfc1 Ndf6 17. Ne5 Nxc3 18. Qxc3 Ne4 19. Qe3 dxc4 20. Rxc4 c5 21. dxc5 Qxe5 22. c6 Ba6 23. f3 Bxc4 24. bxc4 Qc5 0-1


[Site "https://www.chess.com"]

[Event "Titled Tuesday Blitz May 30 Early 2023"]
[White "Lehtosaari, Mauri"]
[Black "Lonoff, Marc"]
[WhiteFideId "501999"]
[BlackFideId "2001349"]
[WhiteElo "2540"]
[BlackElo "2114"]
[Result "1-0"]
[Round "01"]
[TimeControl "180+2"]
[Date "2023.05.30"]
[WhiteClock "0:00:25"]
[BlackClock "0:00:16"]

1. d4 e6 2. Nf3 f5 3. Bf4 Nf6 4. e3 Be7 5. Be2 Nh5 6. O-O Nxf4 7. exf4 Bf6 8. c3 O-O 9. g3 b6 10. Nbd2 Ba6 11. Bxa6 Nxa6 12. Re1 Kh8 13. Ne5 c5 14. Qh5 Bxe5 15. dxe5 Nc7 16. Nc4 Qe8 17. Qxe8 Rfxe8 18. Rad1 Re7 19. Rd2 b5 20. Na5 c4 21. Nb7 Nd5 22. Nd6 h6 23. Nxf5 Rf7 24. Nd6 Re7 25. Nxb5 g5 26. Rd4 gxf4 27. Rxc4 Rg7 28. Rce4 h5 29. c4 fxg3 30. cxd5 gxf2+ 31. Kxf2 Rf8+ 32. Ke3 Rg2 33. Re2 Rg1 34. dxe6 dxe6 35. Rf4 Rb8 36. Nd6 Rb5 37. Kf2 1-0


[Site "https://www.chess.com"]

[Event "Titled Tuesday Blitz May 30 Early 2023"]
[White "Steenbekkers, Franck"]
[Black "robertoalejandro10"]
[WhiteFideId "1004220"]
[WhiteElo "2112"]
[BlackElo "2540"]
[Result "0-1"]
[Round "01"]
[TimeControl "180+2"]
[Date "2023.05.30"]
[WhiteClock "0:01:48"]
[BlackClock "0:01:52"]

1. e4 c5 2. Nf3 g6 3. d4 cxd4 4. Nxd4 Bg7 5. c4 Nc6 6. Be3 Nf6 7. Nc3 Ng4 8. Qxg4 Nxd4 9. Qd1 Ne6 10. Be2 Bxc3+ 11. bxc3 b6 12. O-O Bb7 13. Bd3 Qc7 14. f4 Nc5 15. f5 Bxe4 16. Bxc5 Qxc5+ 17. Kh1 gxf5 18. Bxe4 fxe4 19. Qg4 Qxc4 20. Qg7 O-O-O 21. Qxf7 Qxf7 22. Rxf7 e6 23. Re1 Rdf8 24. Rxf8+ Rxf8 25. h3 d5 26. c4 Kd7 27. a4 Kd6 28. a5 bxa5 29. cxd5 exd5 30. Ra1 Ke5 31. Rxa5 Rf7 0-1


[Site "https://www.chess.com"]

[Event "Titled Tuesday Blitz May 30 Early 2023"]
[White "ATM622"]
[Black "Flis, Pawel"]
[BlackFideId "1112864"]
[WhiteElo "2539"]
[BlackElo "1822"]
[Result "1-0"]
[Round "01"]
[TimeControl "180+2"]
[Date "2023.05.30"]
[WhiteClock "0:02:16"]
[BlackClock "0:01:12"]

1. d4 c5 2. d5 Nf6 3. c4 b5 4. cxb5 a6 5. e3 axb5 6. Bxb5 Qa5+ 7. Nc3 Bb7 8. Bd2 Qb6 9. a4 Nxd5 10. Nf3 e6 11. a5 Qc7 12. Nxd5 Bxd5 13. O-O Qb7 14. Qe2 Bxf3 15. Qxf3 Qxf3 16. gxf3 Be7 17. Bc3 O-O 18. a6 Nc6 19. Rfd1 Rfd8 20. Rxd7 Rxd7 21. Bxc6 Rda7 22. Bxa8 Rxa8 23. a7 Bf6 24. Bxf6 gxf6 25. Kf1 Kf8 26. Ke2 Ke7 27. Kd3 Kd6 28. Kc4 Kc6 29. Ra6+ Kb7 30. Kb5 h5 31. Rb6+ Kc7 32. Ka6 c4 33. Rb7+ Kc8 34. Rxf7 c3 35. Rf8+ Kd7 36. Rxa8 c2 37. Rc8 Kxc8 38. a8=Q+ Kd7 39. Qb7+ Kd8 40. Qb6+ Kd7 41. Qb5+ Kd6 42. Qb4+ Kd7 43. Qc3 c1=Q 44. Qxc1 Kd6 45. Kb5 1-0


[Site "https://www.chess.com"]

[Event "Titled Tuesday Blitz May 30 Early 2023"]
[White "Winkels, Marcel"]
[Black "Aggelis, Nikolaos"]
[WhiteFideId "1003887"]
[BlackFideId "4213220"]
[WhiteElo "1900"]
[BlackElo "2189"]
[Result "0-1"]
[Round "01"]
[TimeControl "180+2"]
[Date "2023.05.30"]
[WhiteClock "0:01:47"]
[BlackClock "0:02:23"]

1. d4 f5 2. Nc3 Nf6 3. Bf4 d5 4. e3 c6 5. Nf3 Be6 6. Be2 Bf7 7. Ne5 Nbd7 8. Nxf7 Kxf7 9. O-O e6 10. f3 Bb4 11. a3 Ba5 12. b4 Bc7 13. Bxc7 Qxc7 14. e4 Rhf8 15. exf5 exf5 16. Bd3 g6 17. Re1 Rae8 18. Qd2 Kg7 19. Ne2 Re7 20. Nf4 Rfe8 21. Rxe7+ Rxe7 22. Re1 Rxe1+ 23. Qxe1 Qxf4 24. c3 Qd6 25. h3 Kf7 26. g4 fxg4 27. hxg4 Qe7 28. Qg3 Qe3+ 0-1


[Site "https://www.chess.com"]

[Event "Titled Tuesday Blitz May 30 Early 2023"]
[White "Dushyant Sharma"]
[Black "rionelG"]
[WhiteFideId "25065130"]
[WhiteElo "2198"]
[BlackElo "2098"]
[Result "0-1"]
[Round "01"]
[TimeControl "180+2"]
[Date "2023.05.30"]
[WhiteClock "0:00:07"]
[BlackClock "0:00:17"]

1. e4 c5 2. Nf3 d6 3. d4 cxd4 4. Nxd4 Nf6 5. Nc3 a6 6. f4 Nc6 7. Nf3 g6 8. Bd3 Bg7 9. O-O O-O 10. a4 Nd7 11. Kh1 b6 12. Qe1 Bb7 13. Bd2 Rc8 14. Qh4 Nd4 15. Rae1 Nc5 16. Ng5 h6 17. Nf3 e5 18. Qh3 Nxf3 19. Rxf3 Ne6 20. fxe5 dxe5 21. Bxh6 Ng5 22. Bxg5 Qxg5 23. Ref1 Rc7 24. Qg3 Qe7 25. h3 Qb4 26. Nd5 Bxd5 27. exd5 Re7 28. Bxa6 Qxa4 29. Bb7 Rxb7 30. b3 Qd7 31. c4 Rc7 32. Qf2 b5 33. Rc1 Rfc8 34. Rfc3 bxc4 35. bxc4 e4 36. R3c2 f5 37. Qg3 Kf7 38. Qb3 Qd6 39. Qb5 Bd4 40. Rd1 Bc5 41. Qb3 Re7 42. Re2 Rb8 43. Qc3 Reb7 44. Rf1 Qf6 45. Qxf6+ Kxf6 46. Rxe4 Rb1 47. Re6+ Kg5 48. Rxb1 Rxb1+ 49. Kh2 Rc1 50. d6 Rxc4 51. g3 Rd4 52. h4+ Kh6 53. d7 Rxd7 54. Rc6 Bd4 55. Kh3 Be5 56. g4 Rd3+ 57. Kg2 fxg4 58. Rc4 Rd2+ 59. Kg1 Kh5 60. Rc5 Re2 61. Kf1 Re4 62. Kg2 Kxh4 63. Rc8 Kg5 64. Rc5 Kf4 65. Rc2 Bd4 66. Ra2 Re3 67. Rb2 Bxb2 0-1


[Site "https://www.chess.com"]

[Event "Titled Tuesday Blitz May 30 Early 2023"]
[White "Blackwhite017"]
[Black "Martic, Ivan"]
[BlackFideId "929301"]
[WhiteElo "2097"]
[BlackElo "2360"]
[Result "0-1"]
[Round "01"]
[TimeControl "180+2"]
[Date "2023.05.30"]
[WhiteClock "0:00:00"]
[BlackClock "0:01:47"]

1. e4 c5 2. Nf3 e6 3. d4 cxd4 4. Nxd4 a6 5. Bd3 Bc5 6. Nb3 Be7 7. O-O d6 8. h3 Nf6 9. c4 Qc7 10. Nc3 Nc6 11. Be3 Ne5 12. Qe2 O-O 13. f4 Nxd3 14. Qxd3 b6 15. Rae1 Bb7 16. Nd2 Rfd8 17. Qe2 Rac8 18. Qf2 Nd7 19. Na4 Nc5 20. Nxc5 bxc5 21. f5 Bf6 22. b3 Re8 23. Qg3 Qe7 24. Bf4 Rcd8 25. Kh2 Bh4 26. Qg4 Bxe1 27. Rxe1 exf5 28. Qxf5 Qe6 29. Qxe6 Rxe6 0-1


[Site "https://www.chess.com"]

[Event "Titled Tuesday Blitz May 30 Early 2023"]
[White "WindWhistler11"]
[Black "Andrew_Ledger"]
[WhiteElo "2536"]
[BlackElo "2077"]
[Result "1-0"]
[Round "01"]
[TimeControl "180+2"]
[Date "2023.05.30"]
[WhiteClock "0:00:26"]
[BlackClock "0:00:00"]

1. Nf3 Nf6 2. g3 d5 3. Bg2 c6 4. b3 Bg4 5. Bb2 Nbd7 6. h3 Bh5 7. d3 e6 8. Nbd2 a5 9. a3 Be7 10. g4 Bg6 11. Nh4 O-O 12. e3 Ne8 13. Nxg6 hxg6 14. Qe2 Bf6 15. c3 b5 16. Nf3 e5 17. e4 dxe4 18. dxe4 Nc5 19. Rd1 Qb6 20. Qc2 Nc7 21. g5 Be7 22. Nxe5 N7e6 23. b4 Qc7 24. Nf3 Nf4 25. O-O Nce6 26. Bc1 Bxg5 27. e5 1-0


[Site "https://www.chess.com"]

[Event "Titled Tuesday Blitz May 30 Early 2023"]
[White "Brod, Manfred"]
[Black "Bagwe Gaurang"]
[WhiteFideId "1602110"]
[BlackFideId "45039895"]
[WhiteElo "2152"]
[BlackElo "1847"]
[Result "0-1"]
[Round "01"]
[TimeControl "180+2"]
[Date "2023.05.30"]
[WhiteClock "0:00:00"]
[BlackClock "0:01:39"]

1. e4 e5 2. Nf3 Nc6 3. Bc4 Nf6 4. d4 exd4 5. e5 d5 6. Bb5 Ne4 7. Nxd4 Bd7 8. Bxc6 bxc6 9. O-O Be7 10. f3 Nc5 11. Be3 O-O 12. Nd2 Ne6 13. f4 c5 14. Nf5 d4 15. Qg4 dxe3 16. Ne4 Kh8 17. Rf3 Rg8 18. Rh3 Nf8 19. Ng5 Bxg5 20. fxg5 g6 21. Qc4 Bxf5 22. Rxe3 Qd4 0-1


[Site "https://www.chess.com"]

[Event "Titled Tuesday Blitz May 30 Early 2023"]
[White "Rengifo Blancas, Renzo Jhonathan"]
[Black "Torres Dominguez, David"]
[WhiteFideId "3807185"]
[BlackFideId "2220857"]
[WhiteElo "2085"]
[BlackElo "1999"]
[Result "1-0"]
[Round "01"]
[TimeControl "180+2"]
[Date "2023.05.30"]
[WhiteClock "0:01:46"]
[BlackClock "0:01:02"]

1. e4 e5 2. Nf3 Nc6 3. d4 exd4 4. Bc4 Bc5 5. Ng5 Nh6 6. Nxf7 Nxf7 7. Bxf7+ Kxf7 8. Qh5+ g6 9. Qxc5 d5 10. Qxd5+ Qxd5 11. exd5 Nb4 12. Na3 Nxd5 13. O-O Bd7 14. Rd1 c5 15. c3 Rhe8 16. cxd4 cxd4 17. Nc4 Re6 18. Bg5 Rae8 19. h3 Bb5 20. Rxd4 Re1+ 21. Rxe1 Rxe1+ 22. Kh2 Bxc4 23. Rxc4 Re2 24. Rd4 Ke6 25. Rd2 Rxd2 26. Bxd2 Nb6 27. b3 Nd5 28. Kg3 b5 29. Kf3 a6 30. Ke4 Nf6+ 31. Kd4 Nd7 32. f4 h5 33. g4 hxg4 34. hxg4 Kd6 35. f5 gxf5 36. gxf5 Kc6 37. Bg5 Kd6 38. Bf4+ Kc6 39. Be5 a5 40. f6 a4 41. b4 Kb6 42. f7 Kc6 43. Bg7 a3 44. f8=Q Nxf8 45. Bxf8 Kb6 46. Kc3 Ka6 47. Kb3 Kb6 48. Kxa3 Ka6 49. Kb3 Kb6 50. Kc3 Ka6 51. Kd4 Kb6 52. Kd5 Ka6 53. Kc5 1-0


[Site "https://www.chess.com"]

[Event "Titled Tuesday Blitz May 30 Early 2023"]
[White "Joubert, Dantelle"]
[Black "Baches Garcia, Guillermo"]
[WhiteFideId "14310813"]
[BlackFideId "2209764"]
[WhiteElo "1507"]
[BlackElo "2535"]
[Result "0-1"]
[Round "01"]
[TimeControl "180+2"]
[Date "2023.05.30"]
[WhiteClock "0:00:22"]
[BlackClock "0:00:22"]

1. e4 d5 2. exd5 Qxd5 3. Nc3 Qa5 4. g3 c6 5. Bg2 e5 6. Nge2 Nf6 7. d3 Be7 8. O-O O-O 9. Be3 Bg4 10. h3 Bh5 11. a3 Nbd7 12. b4 Qc7 13. g4 Bg6 14. Ng3 Rfe8 15. Qd2 Rad8 16. f4 exf4 17. Bxf4 Bd6 18. Qf2 Ne5 19. Rae1 h6 20. Nge4 Nxe4 21. Nxe4 Bxe4 22. Bxe4 b6 23. g5 hxg5 24. Bxg5 Be7 25. Qh4 Bxg5 26. Qxg5 c5 27. Rf5 g6 28. Rf6 Rd6 29. Ref1 Rxf6 30. Rxf6 Qe7 31. h4 Kg7 32. Rf2 Qxg5+ 33. hxg5 c4 34. Bd5 cxd3 35. cxd3 Re7 36. d4 Ng4 37. Rf4 Ne3 38. Bb3 Nf5 39. Bc2 Nd6 40. Bb3 Rd7 41. Kf2 Nf5 42. d5 f6 43. gxf6+ Kxf6 44. Re4 Re7 45. Rxe7 Kxe7 46. Kf3 Nd4+ 47. Ke4 Nxb3 48. Ke5 Kd7 0-1


[Site "https://www.chess.com"]